 Dungeon Crawl Stone Soup version 0.24-a0-530-g18ba70b503 (webtiles) character file.

Game seed: 2754675645280579098

131 Gargoyl the Skirmisher (level 4, 0/40 HPs)
             Began as a Centaur Abyssal Knight on Aug 8, 2019.
             Was a Believer of Lugonu.
             Slain by a hobgoblin
             ... wielding a +0 club
             ... led by Robin
              (3 damage)
             ... on level 3 of the Dungeon.
             The game lasted 00:02:43 (1654 turns).

Gargoyl the Skirmisher (Centaur Abyssal Knight)     Turns: 1654, Time: 00:02:46

Health: 0/40       AC:  5    Str: 15    XL:     4   Next: 91%
Magic:  6/6        EV:  9    Int: 11    God:    Lugonu [**....]
Gold:   240        SH:  5    Dex:  9    Spells: 3/3 levels left

rFire    . . .     SeeInvis .   a - +1 hand axe
rCold    . . .     Gourm    .   (no shield)
rNeg     . . .     Faith    .   b - +0 leather armour
rPois    .         Spirit   .   (no helmet)
rElec    .         Reflect  +   e - +0 cloak
rCorr    .         Harm     .   (no gloves)
MR       .....                  (no barding)
Stlth    ..........             d - +5 amulet of reflection
HPRegen  0.13/turn              (no ring)
MPRegen  0.10/turn              (no ring)

@: very quick
A: large, hooves 3, deformed body, speed 2, tough skin 3
a: Depart the Abyss, Bend Space, Renounce Religion


You were on level 3 of the Dungeon.
You worshipped Lugonu.
Lugonu was pleased with you.
You were not hungry.

You visited 1 branch of the dungeon, and saw 3 of its levels.
You visited the Abyss 1 time.

You collected 240 gold pieces.

Inventory:

Hand Weapons
 a - a +1 hand axe (weapon)
Missiles
 l - 4 boomerangs (quivered)
Armour
 b - a +0 leather armour (worn)
 e - a +0 cloak (worn)
Jewellery
 d - a +5 amulet of reflection (around neck)
 n - an uncursed ring of protection from magic {unknown}
Scrolls
 f - 2 scrolls of identify {unknown}
 g - a scroll of magic mapping {unknown}
 i - a scroll of remove curse {unknown}
 j - a scroll of enchant weapon {unknown}
Potions
 h - a potion of curing {unknown}
 k - a potion of agility
 m - a potion of magic {unknown}
Comestibles
 c - 7 rations


   Skills:
 + Level 3.8 Fighting
 + Level 2.7 Axes
 * Level 2.1 Armour
 * Level 1.3 Dodging
 * Level 2.7 Invocations


You had 3 spell levels left.
You didn't know any spells.
Your spell library contained the following spells:

 Spells                   Type           Power        Failure   Level  Hunger
 Confusing Touch          Hex            #.....       41%         1    ##.....
 Confuse                  Hex            #.......     78%         3    ####...
 Gell's Gravitas          Tloc           #.........   78%         3    ####...
 Petrify                  Tmut/Erth      #.......     99%         4    #####..
 Metabolic Englaciation   Hex/Ice        #.........   100%        5    ######.
 Yara's Violent Unravell  Hex/Tmut       #.........   100%        5    ######.


Dungeon Overview and Level Annotations

Branches:
Dungeon (3/15)

Altars:

Annotations:
D:3 Robin


Innate Abilities, Weirdness & Mutations

You have hooves in place of feet.
Armour fits poorly on your strangely shaped body.
You cover ground very quickly.
You have extremely tough skin. (AC +3)


Message History

You block Robin's attack. The hobgoblin hits you with a +0 club!
* * * LOW HITPOINT WARNING * * *
You block the goblin's attack. x2
Unknown command.
You closely miss the hobgoblin. Your kick misses the hobgoblin.
The hobgoblin is almost dead.
You hit the goblin.
You kill the goblin!
Lugonu accepts your kill.
You closely miss the goblin. You block Robin's attack.
The hobgoblin hits you but does no damage.
The goblin hits you with a +0 dagger.
* * * LOW HITPOINT WARNING * * *
You closely miss the hobgoblin.
The hobgoblin is almost dead.
You closely miss the goblin.
Robin hits you from afar with a +0 trident.
* * * LOW HITPOINT WARNING * * *
The goblin barely misses you. The hobgoblin hits you with a +0 club.
You die...

. ..# .... ..g.
#gg#### #gg@>##
####g.### # #.....#
.###.....# ...#
.........### ..
##..#####..####..♣##
..
..........###.....#
..
#..#####.†.......P# .
#..##....#.#.P.♣P.♣##


You could see Robin, 3 hobgoblins and 2 goblins.

Vanquished Creatures
  A bullfrog zombie (D:2)
  An orc wizard (D:2)
  2 adders (D:2)
  An ooze (D:2)
  A dart slug (D:1)
  3 leopard geckos
  2 orcs (D:2)
  3 ball pythons
  2 giant cockroaches
  7 goblins
  7 hobgoblins
  4 kobolds
  6 bats
  A frilled lizard (D:1)
  3 rats
44 creatures vanquished.

Notes
Turn   | Place    | Note
-------+----------+-------------------------------------------
     0 | Abyss:1  | Gargoyl the Centaur Abyssal Knight began the quest for the
                  | Orb.
     0 | Abyss:1  | Reached XP level 1. HP: 19/19 MP: 2/2
     8 | Abyss:1  | Noticed a chaos spawn
    79 | Abyss:1  | Noticed a large abomination
   120 | Abyss:2  | Noticed a small abomination
   137 | Abyss:3  | Found a corrupted altar of Lugonu.
   175 | Abyss:3  | Noticed a balrug
   175 | Abyss:3  | Noticed a sun demon
   176 | D:1      | Escaped the Abyss
   244 | D:1      | Reached * piety under Lugonu
   322 | D:1      | Reached XP level 2. HP: 26/26 MP: 3/3
   867 | D:2      | Reached skill level 1 in Dodging
  1073 | D:2      | Reached XP level 3. HP: 20/31 MP: 4/4
  1081 | D:2      | Reached XP level 4. HP: 19/39 MP: 5/5
  1639 | D:3      | Noticed Robin
  1651 | D:3      | Reached ** piety under Lugonu
  1654 | D:3      | Slain by a hobgoblin

Levels and vault maps discovered:
D:1:      dpeg_arrival_more_subterranean_lakeside_camping, layout_basic,
          minmay_pentomino_x2
D:2:      layout_loops_ring, grunt_decor_resistance, chequers_decorated_corner
D:3:      layout_rooms, demons_altar, marbit_many_paths, portal_sewer_entry_b,
          serial_bayou_pond_a, uniq_jessica, uniq_robin

Skill      XL: |  1  2  3  4 |
---------------+-------------+-----
Axes           | 2 |  2.7
Dodging        | 1 |  1.3
Armour         | 2 |  2.1
Fighting       | |  3.8
Invocations    | |  2.7

Action                   |  1- 3 |  4- 6 || total
-------------------------+-------+-------++-------
Melee: Hand axe          |    55 |    51 ||   106
       Kick              |    10 |     8 ||    18
Invok: Depart the Abyss  |     1 |       ||     1
  Use: Potion            |     3 |       ||     3
  Eat: Chunk             |       |     1 ||     1
Armor: Leather armour    |     9 |    21 ||    30
Dodge: Dodged            |    20 |    17 ||    37
Block: Other             |    11 |    16 ||    27
       Reflection        |       |     1 ||     1

Table legend:
 A = Non-vault XP
 B = Vault XP
 C = Vault XP percentage of total XP
 D = Non-vault monster count
 E = Vault monster count
 F = Vault count percentage of total count
                 A         B        C        D         E       F
            +---------+---------+-------+---------+---------+-------
      Total |     174 |      14 |   7.4 |      37 |       7 |  15.9
            +---------+---------+-------+---------+---------+-------
        D:1 |      28 |       2 |   6.7 |      13 |       1 |   7.1
        D:2 |     135 |       0 |   0.0 |      18 |       0 |   0.0
        D:3 |      11 |      12 |  52.2 |       6 |       6 |  50.0
            +---------+---------+-------+---------+---------+-------
